 Dungeon Crawl Stone Soup version 0.27-a0-1245-g940ed4fa31 (webtiles) character file.

Game seed: 7973683798946452246

274 freelancePsychic the Magician (level 6, -6/47 HPs)
             Began as a Djinni Warper on June 10, 2021.
             Was an Initiate of Yredelemnul.
             Mangled by an ogre
             ... wielding a +0 giant spiked club
              (18 damage)
             ... on level 3 of the Dungeon.
             The game lasted 00:06:39 (4959 turns).

freelancePsychic the Magician (Djinni Warper)       Turns: 4959, Time: 00:06:40

Health: -6/47      AC:  3    Str: 10    XL:     6   Next: 49%
Gold:   79         EV: 11    Int: 16    God:    Yredelemnul [......] SH:  0 Dex: 13

rFire    + + .     SeeInvis +   a - +0 falchion
rCold    x . .     Faith    .   (no shield)
rNeg     . . .     Spirit   .   b - +0 leather armour
rPois    ∞         Reflect  .   (no helmet)
rElec    .         Harm     .   (no cloak)
rCorr    .         Rampage  .   (no gloves)
Will     .....                  (boots unavailable)
Stlth    +.........             (no amulet)
HPRegen  0.15/turn              k - ring of see invisible
MPRegen  0.00/turn              (no ring)

@: flying
A: sickness immunity, fire resistance 2, cold vulnerability 1, float, innate
caster, hp casting, extra vitality 1
a: Renounce Religion


You were on level 3 of the Dungeon.
You worshipped Yredelemnul.
Yredelemnul was noncommittal.
You visited 1 branch of the dungeon, and saw 4 of its levels.

You collected 79 gold pieces.

Inventory:

Hand Weapons
 a - a +0 falchion (weapon)
Missiles
 e - 5 boomerangs of dispersal
Armour
 b - a +0 leather armour (worn)
 f - a +0 tower shield
Jewellery
 k - a ring of see invisible (left hand)
Scrolls
 c - a scroll of fear {unknown}
 d - a scroll of blinking
 g - a scroll of amnesia {unknown}
 i - 2 scrolls of holy word {unknown}
 l - a scroll of magic mapping {unknown}
 n - a scroll of teleportation {unknown}
 o - 2 scrolls of fog {unknown}
 q - a scroll of enchant weapon {unknown}
Potions
 h - a potion of attraction {unknown}
 j - 3 potions of mutation {unknown}
 m - a potion of haste {unknown}
 p - a potion of curing {unknown}


   Skills:
 + Level 3.8 Fighting
 - Level 2.4 Long Blades
 - Level 0.7 Throwing
 - Level 1.0 Armour
 - Level 2.1 Dodging
 * Level 4.3 Spellcasting


You couldn't memorise any spells.
You knew the following spells:

 Your Spells              Type           Power      Damage    Failure   Level
a - Freeze                Ice            68%        1d8       3%          1
b - Poisonous Vapours     Pois/Air       34%        N/A       6%          2
c - Gell's Gravitas       Tloc           8%         N/A       12%         3
d - Teleport Other        Tloc           17%        N/A       12%         3
e - Manifold Assault      Tloc           17%        N/A       71%         5
f - Lesser Beckoning      Tloc           8%         N/A       12%         3
g - Blink                 Tloc           N/A        N/A       6%          2
Your spell library was empty.

Dungeon Overview and Level Annotations

Branches:
Dungeon (4/15)
 Temple: D:4-7

Altars:
Uskayaw
Yredelemnul

Shops:
D:4 *


Innate Abilities, Weirdness & Mutations

You are immune to sickness and miasma.
You are immune to poison.
Your flesh is very heat resistant. (rF++)
You are vulnerable to cold. (rC-)
You float through the air rather than walking.
You learn spells naturally, not from books.
Your magical power is your life essence.
You have superior vitality. (+4 HP)


Message History

Things that are here:
a +0 robe; a +0 dagger You see here a +0 club.
Things that are here:
a +0 scale mail; a +0 dagger
There is a stone staircase leading down here.
You fly downwards.
The ogre hits you with a +0 giant spiked club.
There is a stone staircase leading up here.
Poisonous vapours surround the ogre!
The ogre is engulfed in poison gas.
The ogre is poisoned.
The ogre hits you with a +0 giant spiked club.
The ogre hits you with a +0 giant spiked club!!
You fly upwards.
There is a stone staircase leading down here.
The ogre looks more healthy.
The ogre barely misses you.
Casting: Poisonous Vapours (safe; 6% risk of failure)
Confirm with . or Enter, or press ? or * to list all spells.
Aiming: Poisonous Vapours (safe; 6% risk of failure)
Press: ? - help, Dir - move target, f - ogre
Aim: an ogre, wielding a +0 giant spiked club (heavily wounded) Poisonous vapours surround the ogre!
The ogre is engulfed in poison gas.
The ogre is poisoned.
The ogre hits you with a +0 giant spiked club!
* * * LOW HITPOINT WARNING * * *
There is a basalt altar of Yredelemnul here.
The ogre looks more healthy.
You see here 9 stones.
Casting: Poisonous Vapours (safe; 6% risk of failure)
Confirm with . or Enter, or press ? or * to list all spells.
Aiming: Poisonous Vapours (safe; 6% risk of failure)
Press: ? - help, Dir - move target, f/p - ogre
Aim: an ogre, wielding a +0 giant spiked club (severely wounded) Poisonous vapours surround the ogre!
* * * LOW HITPOINT WARNING * * *
The ogre is engulfed in poison gas.
The ogre is poisoned.
The ogre hits you with a +0 giant spiked club!!
You die...
Your body rises from the dead as a mindless zombie.

#.# #.# ####.#######.########
.....[.)[.........).#
####)#######......#.# ## #...##
#......#.##
.###.#..####......#..# ######
..........##......##.## #.....
####.####..#......##..######.####
##...[.##.....(.@O........##.#...
#.......#.##.########..##.##.#.##
#.......#........................
...._.....##.#########.....#.#.##
#.......#....# ##....#.#.#
#.......#.#### #....#.#.#
##.....##.# ##...#.#.#
####.####.# #...#.#.# ..........#
#..##.#.#


You could see an ogre.

Vanquished Creatures
  An ogre (D:3)
  2 orc wizards (D:3)
  A gnoll (D:2)
  6 adders
  A worm (D:2)
  2 dart slugs (D:1)
  3 orcs (D:3)
  3 bats
  9 endoplasms
  2 giant cockroaches
  5 goblins
  5 hobgoblins
  7 jackals
  3 kobolds
  5 quokkas
  6 ball pythons
  4 frilled lizards
  A rat (D:2)
66 creatures vanquished.

Vanquished Creatures (others)
  2 plants (D:1)
2 creatures vanquished.

Grand Total: 68 creatures vanquished

Notes
Turn   | Place    | Note
-------+----------+-------------------------------------------
     0 | D:1      | freelancePsychic the Djinni Warper began the quest for the
                  | Orb.
     0 | D:1      | Reached XP level 1. HP: 18/18 MP: 0/0
   177 | D:1      | Reached XP level 2. HP: 21/23 MP: 0/0
   867 | D:1      | Reached XP level 3. HP: 15/29 MP: 0/0
   867 | D:1      | Learned a level 1 spell: Freeze
  1935 | D:2      | Reached skill level 3 in Spellcasting
  1935 | D:2      | Reached XP level 4. HP: 19/34 MP: 0/0
  2079 | D:2      | Found a hide-covered altar of Uskayaw.
  2655 | D:2      | Found a faded altar of an unknown god.
  2745 | D:2      | Reached XP level 5. HP: 38/40 MP: 0/0
  2745 | D:2      | Learned a level 2 spell: Poisonous Vapours
  3927 | D:3      | Found a basalt altar of Yredelemnul.
  4113 | D:3      | Became a worshipper of Yredelemnul the Dark
  4236 | D:3      | Reached XP level 6. HP: 41/46 MP: 0/0
  4734 | D:4      | Found Serhac's General Store.
  4734 | D:4      | Noticed an ogre
  4734 | D:4      | Noticed an ogre
  4765 | D:3      | Killed an ogre
  4766 | D:3      | Reached skill level 4 in Spellcasting
  4959 | D:3      | Mangled by an ogre

Illustrated notes

Levels and vault maps discovered:
D:1:      giann_forest_graveyard, layout_basic, serial_forest,
          infiniplex_forest_fountain, infiniplex_forest_end_1,
          infiniplex_forest_clump_tiny, infiniplex_forest_clump_small,
          infiniplex_forest_pool, infiniplex_forest_lined_2,
          infiniplex_forest_straight_2, amethyst_killhole
D:2:      minmay_inner_zag, layout_loops_cross, ebering_ecumenical_altar_mist,
          basic_altar
D:3:      layout_basic, old_standard_altar
D:4:      layout_loops_corners, nicolae_overflow_crystal_walls,
          minmay_temple_entry_statues_fountains, serial_co_window_serial,
          co_window_paths_a, co_window_paths_a, co_window_paths_a,
          co_window_of_opportunity_a, co_window_corner_a, co_window_broadway_c,
          co_window_paths_c, co_window_2corner, co_window_paths_e,
          glass_columns_b, glass_columns_c, serial_shops, nicolae_shop_crystal

Skill      XL: |  1  2  3  4  5  6 |
---------------+-------------------+-----
Long Blades    | 2 |  2.4
Spellcasting   | 3 4 |  4.3
Fighting       | 3 |  3.8
Throwing       | |  0.7
Armour         | |  1.0
Dodging        | |  2.1

Action                   |  1- 3 |  4- 6 || total
-------------------------+-------+-------++-------
Melee: Falchion          |    47 |    14 ||    61
 Cast: Freeze            |    22 |    35 ||    57
       Poisonous Vapours |       |    32 ||    32
Armor: Leather armour    |    11 |     6 ||    17
Dodge: Dodged            |    47 |    30 ||    77
       Rpst.: Falchion   |    13 |     9 ||    22

Table legend: (Time is in decaauts)
 A = Elapsed time spent in this place.
 B = Non-inter-level travel time spent in this place.
 C = Inter-level travel time spent in this place.
 D = Time resting spent in this place.
 E = Time spent auto-exploring this place.
 F = Levels seen in this place.
 G = Mean time per level.
                   A        B        C        D        E       F      G
               +--------+--------+--------+--------+--------+-----+--------+
         Total |   4970 |   4616 |    354 |      0 |   4118 |   4 | 1242.5 |
       Dungeon |   4970 |   4616 |    354 |      0 |   4118 |   4 | 1242.5 |
               +--------+--------+--------+--------+--------+-----+--------+

Top non-repeatable levels by time:
     D:1: 1854 daAuts
     D:3: 1596 daAuts
     D:2: 1513 daAuts
     D:4: 6 daAuts
